 Dungeon Crawl Stone Soup version 0.30-a0-728-gc68057be0a (webtiles) character file.

Game seed: 275390606682090715

2821 TiredYak the Basher (level 9, -5/78 HPs)
             Began as a Hill Orc Fighter on Jan 30, 2023.
             Was a Plaything of Xom.
             Succumbed to a meliai's poison
             ... on level 6 of the Dungeon on Jan 31, 2023.
             The game lasted 00:31:52 (5309 turns).

TiredYak the Basher (Hill Orc Fighter)              Turns: 5309, Time: 00:31:53

Health: -5/78      AC:  8    Str: 21    XL:     9   Next: 73%
Magic:  9/9        EV: 10    Int:  8    God:    Xom [.*....]
Gold:   334        SH:  5    Dex: 10    Spells: 8/8 levels left

rFire   . . .      SeeInvis .    f - +2 whip (elec)
rCold   . . .      Faith    .    c - +0 buckler
rNeg    . . .      Spirit   .    b - +0 scale mail
rPois   .          Reflect  .    (no helmet)
rElec   .          Harm     .    (no cloak)
rCorr   .          Rampage  .    (no gloves)
Will    .....      Rage     3%   (no boots) Stlth
                                 (no amulet)
HPRegen 0.33/turn                (no ring)
MPRegen 0.11/turn                (no ring)

@: lethally poisoned (-5 -> -40)
A: berserk 1, screaming 1, weak 1
a: Renounce Religion


You were on level 6 of the Dungeon.
You worshipped Xom.
You were a plaything of Xom.
You visited 1 branch of the dungeon, and saw 6 of its levels.

You collected 334 gold pieces.

Inventory:

Hand Weapons
 a - a +0 war axe
 d - a +3 dagger
 f - a +2 whip of electrocution (weapon)
Armour
 b - a +0 scale mail (worn)
 c - a +0 buckler (worn)
Wands
 r - a wand of flame (15)
Scrolls
 g - 4 scrolls of immolation
 h - 2 scrolls of silence
 j - 2 scrolls of fog
 k - 7 scrolls of identify
 n - 3 scrolls of teleportation
 o - a scroll of fear
 q - a scroll of vulnerability {unknown}
 s - a scroll of acquirement {unknown}
 u - a scroll of amnesia {unknown}
 v - a scroll of enchant weapon {unknown}
Potions
 e - a potion of berserk rage {unknown}
 i - 4 potions of attraction
 l - a potion of mutation {unknown}
 m - 2 potions of cancellation {unknown}
 p - a potion of brilliance {unknown}
 t - a potion of flight {unknown}


   Skills:
 + Level 6.5 Fighting
 + Level 2.9(7.5) Axes
 + Level 9.1(9.3) Maces & Flails
 + Level 8.3 Armour
 + Level 2.6 Dodging
 + Level 1.5 Stealth
 + Level 5.1 Shields


You had 8 spell levels left.
You didn't know any spells.
Your spell library contained the following spells:

 Spells                   Type           Power      Damage    Failure   Level
 Cigotuvi's Dreadful Rot  Necr/Pois/Air  0%         N/A       90%         2
 Passwall                 Tmut/Erth      0%         N/A       90%         2
 Sublimation of Blood     Necr           0%         N/A       90%         2
 Dispel Undead            Necr           0%         3d6       100%        4
 Blade Hands              Tmut           0%         N/A       100%        5
 Death Channel            Necr           0%         N/A       100%        6


Dungeon Overview and Level Annotations

Branches:
Dungeon (6/15)             Temple (0/1) D:6

Altars:
Cheibriados
Makhleb
Qazlal
Uskayaw
Vehumet
Xom
Yredelemnul
The Shining One

Shops:
D:1 !   D:3 *

Portals:
Sewer: D:4


Innate Abilities, Weirdness & Mutations

You sometimes lose your temper in combat.
You occasionally shout uncontrollably at your foes.
You are weak. (Str -2)


Message History

The meliai is moderately wounded.
You feel sick. The meliai hits you but does no damage.
The meliai stings you but does no damage.
You barely miss the meliai.
The meliai is moderately wounded.
You feel sick. The meliai hits you.
The meliai stings you but does no damage.
The meliai hits you but does no damage. The meliai stings you!
You hit the meliai but do no damage.
The meliai is moderately wounded.
You feel sick.
Xom's power touches on a nearby monster.
The meliai suddenly seems more resistant.
The meliai hits you. The meliai stings you.
You are more poisoned.
The meliai poisons you!
You whack the meliai!
The meliai is severely wounded.
You feel very sick. The meliai hits you. The meliai completely misses you.
You closely miss the meliai.
The meliai is severely wounded.
You feel very sick. You block the meliai's attack. The meliai stings you.
* * * LOW HITPOINT WARNING * * *
The meliai barely misses you. x2
You barely miss the meliai.
The meliai is severely wounded.
* * * LOW HITPOINT WARNING * * *
You feel very sick. The meliai hits you!
* * * LOW HITPOINT WARNING * * *
The meliai stings you!
* * * LOW HITPOINT WARNING * * *
You are more poisoned.
The meliai poisons you!
You barely miss the meliai.
The meliai is severely wounded.
You die...
Xom thinks this is hilarious!

#.. #.. #.. #.#
#.# #.# #y# #@#
###### #.# #.....
#.# #.....
#.###########.....
#..........##.....
#.#..[.....##.....
#.##.......##....≈
#.##.......##....≈
#................≈


You could see a meliai (resistant).

Vanquished Creatures
  A two-headed ogre (D:5)
  Sigmund (D:3)
  Eustachio (D:5)
  A basilisk (D:5)
  Edmund (D:5)
  A water moccasin (D:5)
  A hornet zombie (D:5)
  3 ogres
  A black bear (D:5)
  A centaur (D:6)
  A phantom (D:5)
  3 necrophages (D:5)
  3 scorpions
  A wight (D:5)
  A crimson imp (D:3)
  2 bullfrog zombies (D:5)
  2 centaur zombies (D:5)
  2 jellies
  A human zombie (D:5)
  An orc priest (D:3)
  3 iguanas
  An orc wizard (D:3)
  2 hound zombies (D:5)
  2 mummies (D:5)
  3 adders
  A white imp (D:5)
  2 ufetubi (D:5)
  3 worms
  2 dart slugs
  10 orcs
  7 endoplasms
  5 giant cockroaches
  13 goblins
  9 hobgoblins
  5 jackals
  3 quokkas
  3 ball pythons
  3 bats (D:3)
  3 frilled lizards
  5 kobolds
  4 rats
118 creatures vanquished.

Vanquished Creatures (others)
  A plant (D:1)
1 creature vanquished.

Grand Total: 119 creatures vanquished

Notes
Turn   | Place    | Note
-------+----------+-------------------------------------------
     0 | D:1      | TiredYak the Hill Orc Fighter began the quest for the Orb.
     0 | D:1      | Reached XP level 1. HP: 19/19 MP: 1/1
   196 | D:1      | Reached XP level 2. HP: 26/27 MP: 2/2
   237 | D:1      | Found Kanukauz's Distillery.
   897 | D:2      | Identified the +0 long sword of Unkaoc Jicw {heavy, rElec
                  | rF+ Int+3 SInv}
  1074 | D:2      | Reached XP level 3. HP: 33/33 MP: 3/3
  1124 | D:2      | Got the Meditations on Xenomorphic Unhallowed Secrets
  1147 | D:2      | Found a faded altar of an unknown god.
  1488 | D:3      | Reached skill level 1 in Maces & Flails
  1888 | D:3      | Reached XP level 4. HP: 33/40 MP: 4/4
  1995 | D:3      | Reached skill level 2 in Maces & Flails
  2006 | D:3      | HP: 2/40 [something (2)]
  2179 | D:3      | Found Rokuxzi's General Store.
  2190 | D:3      | Found a shimmering altar of Xom.
  2203 | D:3      | Reached XP level 5. HP: 39/46 MP: 5/5
  2262 | D:3      | Became a worshipper of Xom the Psychopath
  2440 | D:3      | Found a burning altar of Makhleb.
  2441 | D:3      | Found a radiant altar of Vehumet.
  2444 | D:3      | Reached skill level 3 in Maces & Flails
  2477 | D:3      | XOM: divination: detect items
  2566 | D:3      | XOM: silly message
  2947 | D:3      | Noticed Sigmund
  2953 | D:3      | Killed Sigmund
  2954 | D:3      | Reached skill level 4 in Maces & Flails
  2954 | D:3      | Reached XP level 6. HP: 51/53 MP: 6/6
  3267 | D:4      | Reached skill level 5 in Armour
  3267 | D:4      | Reached skill level 1 in Dodging
  3267 | D:4      | Reached XP level 7. HP: 58/60 MP: 7/7
  3347 | D:4      | XOM is BORED!
  3347 | D:4      | XOM: stat loss: -1 Int (7/8)
  3387 | D:4      | XOM: summons 2 friendly demons
  3449 | D:4      | XOM: scenery: create altars
  3519 | D:4      | Found a glowing drain.
  3567 | D:5      | Entered Level 5 of the Dungeon
  3579 | D:5      | Found a snail-covered altar of Cheibriados.
  3579 | D:5      | XOM: 2-stop teleportation journey
  3606 | D:5      | Reached skill level 5 in Maces & Flails
  3640 | D:5      | XOM: silly message
  3653 | D:5      | Reached skill level 5 in Fighting
  3693 | D:5      | Reached skill level 6 in Maces & Flails
  3693 | D:5      | Reached XP level 8. HP: 53/68 MP: 8/8
  3773 | D:5      | Found a hide-covered altar of Uskayaw.
  3773 | D:5      | Found a glowing golden altar of the Shining One.
  3773 | D:5      | XOM: 1-stop teleportation journey
  3802 | D:5      | XOM: cloud trail
  3884 | D:5      | XOM: silly message
  3896 | D:5      | XOM: polymorph scorpion -> basilisk
  3903 | D:5      | XOM: silly message
  3918 | D:5      | XOM: blink monster(s)
  3924 | D:5      | XOM: confuse monster(s)
  3933 | D:5      | XOM: divination: detect items
  4016 | D:5      | Noticed Edmund
  4019 | D:5      | Noticed Eustachio
  4020 | D:5      | XOM: confuse monster(s)
  4023 | D:5      | XOM: confuse monster(s)
  4026 | D:5      | Killed Edmund
  4027 | D:5      | Reached skill level 7 in Maces & Flails
  4032 | D:5      | XOM: potion effect (might)
  4034 | D:5      | XOM: cast spell 'Summon Mana Viper'
  4040 | D:5      | Killed Eustachio
  4041 | D:5      | Reached XP level 9. HP: 52/75 MP: 9/9
  4045 | D:5      | Noticed a two-headed ogre
  4047 | D:5      | Reached skill level 1 in Stealth
  4054 | D:5      | XOM: silly message
  4094 | D:5      | XOM: potion effect (haste)
  4112 | D:5      | XOM: confuse monster(s)
  4114 | D:5      | Killed a two-headed ogre
  4115 | D:5      | Reached skill level 8 in Maces & Flails
  4115 | D:5      | Reached skill level 5 in Shields
  4377 | D:5      | Found a basalt altar of Yredelemnul.
  4615 | D:5      | XOM: scenery: create altars
  4664 | D:5      | Reached skill level 9 in Maces & Flails
  4737 | D:5      | XOM: give mutations
  4737 | D:5      | Gained mutation: You are weak. (Str -2) [Xom's mischief]
  4737 | D:5      | Gained mutation: You sometimes lose your temper in combat.
                  | [Xom's mischief]
  4737 | D:5      | Gained mutation: You occasionally shout uncontrollably at
                  | your foes. [Xom's mischief]
  4962 | D:6      | XOM: 1-stop teleportation journey
  5145 | D:6      | Found a stormy altar of Qazlal.
  5158 | D:6      | Found a staircase to the Ecumenical Temple.
  5296 | D:6      | a black bear changed into a meliai
  5296 | D:6      | Noticed a meliai
  5296 | D:6      | XOM: polymorph black bear -> meliai
  5305 | D:6      | XOM: enchant monster (bad)
  5308 | D:6      | HP: 1/78 [meliai (7)]
  5309 | D:6      | Succumbed to a meliai's poison

Illustrated notes

Levels and vault maps discovered:
D:1:      lemuel_arrival_muddy, layout_loops_ring, serial_shops, shop,
          chequers_serial_rivers_large_b
D:2:      layout_basic, ebering_ecumenical_altar_rust, minmay_split_cup_large
D:3:      mumra_celtic_spiral_tile, layout_loops_corners,
          grunt_temple_overflow_lords_of_destruction,
          mainiacjoe_overflow_alcove_4, serial_shops, shop_fountains,
          eino_tiny_chamber, uniq_sigmund
D:4:      layout_rooms, gup_sewer_entry_bowl
D:5:      layout_basic, slow_altar_2, lemuel_mausoleum_altar_yredelemnul,
          mainiacjoe_overflow_large_starburst, uniq_eustachio, uniq_edmund
D:6:      corexii_shack_village, layout_basic, mainiacjoe_overflow_paths,
          temple_pool_b

Skill      XL: |  1  2  3  4  5  6  7  8  9 |
---------------+----------------------------+-----
Shields        | 4 5 |  5.1
Maces & Flails | 1 2 4 6 7 9 |  9.1
Fighting       | 4 5 6 |  6.5
Armour         | 4 5 6 7 8 |  8.3
Dodging        | 1 2 |  2.6
Stealth        | 1 |  1.5
Axes           | |  2.9

Action                     |  1- 3 |  4- 6 |  7- 9 || total
---------------------------+-------+-------+-------++-------
  Melee: War axe           |    11 |       |       ||    11
         Whip              |   130 |    65 |   265 ||   460
  Evoke: Wand              |       |       |     1 ||     1
    Use: Potion            |     1 |     1 |       ||     2
         Scroll            |     1 |     3 |     2 ||     6
   Stab: Confused          |       |       |     1 ||     1
 Armour: Scale mail        |    49 |    13 |    65 ||   127
  Dodge: Dodged            |    64 |    22 |    89 ||   175
  Block: Buckler           |    37 |     5 |    35 ||    77

Table legend: (Time is in decaauts)
 A = Elapsed time spent in this place.
 B = Non-inter-level travel time spent in this place.
 C = Inter-level travel time spent in this place.
 D = Time resting spent in this place.
 E = Time spent auto-exploring this place.
 F = Levels seen in this place.
 G = Mean time per level.
                   A        B        C        D        E       F      G
               +--------+--------+--------+--------+--------+-----+--------+
         Total |   5288 |   5124 |    164 |    496 |   2447 |   6 |  881.3 |
       Dungeon |   5288 |   5124 |    164 |    496 |   2447 |   6 |  881.3 |
               +--------+--------+--------+--------+--------+-----+--------+

Top non-repeatable levels by time:
     D:3: 1556 daAuts
     D:5: 1214 daAuts
     D:1: 886 daAuts
     D:2: 639 daAuts
     D:4: 530 daAuts
     D:6: 461 daAuts
